 Dungeon Crawl Stone Soup version 0.28-a0-390-gb254ac4902 (webtiles) character file.

Game seed: 14302155567711718570

83 sizableburger the Skirmisher (level 4, -12/35 HPs)
             Began as a Mummy Cinder Acolyte on Sept 4, 2021.
             Was a High Priest of Ignis.
             Killed by divine providence
             ... invoked by an orc priest
              (15 damage)
             ... on level 4 of the Dungeon.
             The game lasted 00:06:27 (3774 turns).

sizableburger the Skirmisher (Mummy Cinder Acolyte) Turns: 3774, Time: 00:06:28

Health: -12/35     AC:  2    Str: 17    XL:     4   Next: 22%
Magic:  4/7        EV: 11    Int: 14    God:    Ignis [*****.]
Gold:   133        SH:  0    Dex:  7    Spells: 4/7 levels left

rFire   . . .      SeeInvis .   a - -1 mace (flame)
rCold   + . .      Faith    .   (no shield)
rNeg    + + +      Spirit   .   b - +0 robe
rPois   ∞          Reflect  .   (no helmet)
rElec   .          Harm     .   (no cloak)
rCorr   .          Rampage  .   (no gloves)
Will    .....                   (no boots)
Stlth   +.........              (no amulet)
HPRegen 0.11/turn               (no ring)
MPRegen 0.10/turn               (no ring)

@: about to teleport
A: cold resistance 1, negative energy resistance 3, torment resistance 2, heat
vulnerability 1, no potions
a: Renounce Religion, Sea of Fire, Foxfire Swarm, Rising Flame


You were on level 4 of the Dungeon.
You worshipped Ignis.
Ignis was extremely pleased with you.
You visited 1 branch of the dungeon, and saw 4 of its levels.

You collected 133 gold pieces.

Inventory:

Hand Weapons
 a - a -1 mace of flaming (weapon)
Armour
 b - a +0 robe (worn)
Jewellery
 f - a ring of positive energy
Scrolls
 c - a scroll of fog {unknown}
 d - a scroll of identify {unknown}
 e - a scroll of summoning {unknown}
 h - a scroll of noise {unknown}


   Skills:
 - Level 3.4 Fighting
 - Level 3.1 Maces & Flails
 + Level 2.3 Spellcasting
 + Level 1.1 Conjurations
 + Level 2.7 Fire Magic


You had 4 spell levels left.
You knew the following spells:

 Your Spells              Type           Power      Damage    Failure   Level
a - Foxfire               Conj/Fire      28%        2x1d5     11%         1
b - Scorch                Fire           18%        2d5       11%         2

Your spell library contained the following spells:

 Spells                   Type           Power      Damage    Failure   Level
 Apportation              Tloc           2%         N/A       22%         1
 Conjure Flame            Conj/Fire      7%         6-21      30%         3
 Inner Flame              Hex/Fire       5%         N/A       36%         3
 Flame Wave               Conj/Fire      7%         3d4       71%         4
 Alistair's Intoxication  Tmut/Pois      0%         N/A       99%         5
 Invisibility             Hex            0%         N/A       100%        6


Dungeon Overview and Level Annotations

Branches:
Dungeon (4/15)
 Temple: D:4-7

Altars:


Innate Abilities, Weirdness & Mutations

You are immune to poison.
Your flesh is cold resistant. (rC+)
You are immune to negative energy. (rN+++)
You are immune to unholy pain and torment.
You are vulnerable to heat. (rF-)
You do not drink.


Message History

A gnoll comes into view. It is wielding a +0 club.
The gnoll shouts!
The bat closely misses you. The bat hits you.
* * * LOW HITPOINT WARNING * * *
The kobold closely misses you.
A gnoll comes into view.
It is wielding a +0 flail of protection.
The bat hits you but does no damage.
Found an escape hatch in the floor.
The bat hits you but does no damage. The bat closely misses you.
The bat hits you but does no damage. The bat closely misses you.
The bat hits you but does no damage. The bat barely misses you.
The bat hits you.
* * * LOW HITPOINT WARNING * * *
The bat closely misses you. The bat hits you but does no damage.
The bat closely misses you. The bat hits you.
* * * LOW HITPOINT WARNING * * *
The bat closely misses you. The bat barely misses you.
The bat hits you but does no damage. x2
The bat hits you.
* * * LOW HITPOINT WARNING * * *
The bat hits you but does no damage. The bat hits you.
* * * LOW HITPOINT WARNING * * *
The bat closely misses you. The bat hits you but does no damage.
The bat hits you.
* * * LOW HITPOINT WARNING * * *
The bat closely misses you.
A gnoll comes into view. It is wielding a +0 flail.
There is an escape hatch in the floor here.
The gnoll shouts!
You slide downwards.
The hatch slams shut behind you.
The orc shouts!
The orc priest shouts!
The orc shouts!
Found 11 gold pieces.
As you read the scroll of teleportation, it crumbles to dust.
You feel strangely unstable.
The orc priest mumbles some strange prayers to Beogh against you.
Beogh smites you!
You die...

..........# ..
..........###..
...............
#.............
#...........#
...........#
..o..o.....#
#o....@..#
#..o.......#
#..........#
#..........#
..$........#
...........#
.#........##
..........


You could see an orc priest and 3 orcs.

Vanquished Creatures
  2 adders (D:2)
  2 dart slugs
  10 endoplasms
  4 giant cockroaches
  3 goblins
  5 hobgoblins
  A jackal (D:3)
  9 quokkas
  2 ball pythons (D:1)
  A bat (D:2)
  3 frilled lizards
  8 kobolds
  2 rats (D:1)
52 creatures vanquished.

Vanquished Creatures (others)
  13 foxfires
13 creatures vanquished.

Grand Total: 65 creatures vanquished

Notes
Turn   | Place    | Note
-------+----------+-------------------------------------------
     0 | D:1      | sizableburger the Mummy Cinder Acolyte began the quest for
                  | the Orb.
     0 | D:1      | Reached XP level 1. HP: 18/18 MP: 2/2
   668 | D:1      | Reached XP level 2. HP: 15/24 MP: 4/4
   979 | D:1      | Learned a level 1 spell: Foxfire
  1784 | D:1      | Learned a level 2 spell: Scorch
  1948 | D:1      | Reached XP level 3. HP: 29/29 MP: 0/5
  2971 | D:2      | Reached skill level 1 in Conjurations
  2971 | D:2      | Reached XP level 4. HP: 35/35 MP: 2/7
  3774 | D:4      | Killed from afar by an orc priest

Illustrated notes

Levels and vault maps discovered:
D:1:      lightli_iron_boxes, layout_loops_ring, minmay_strange_pillars,
          amcnicky_mini_corridor_feature
D:2:      layout_basic
D:3:      layout_loops_cross, good_gods_mini_temple, serial_shops, shop,
          nicolae_shop_statue_plus, grunt_ministairs_7,
          hangedman_decor_peaks_small, lightli_corner_chamber, uniq_robin
D:4:      cheibrodos_pilgrimage, layout_rooms, uniq_ijyb, uniq_sigmund,
          uniq_grinder, uniq_crazy_yiuf_cottage

Skill      XL: |  1  2  3 |
---------------+----------+-----
Maces & Flails | 3 |  3.1
Spellcasting   | 2 |  2.3
Conjurations   | 1 |  1.1
Fighting       | |  3.4
Fire Magic     | |  2.7

Action                   |  1- 3 |  4- 6 || total
-------------------------+-------+-------++-------
Melee: Mace              |   129 |    10 ||   139
 Cast: Scorch            |    14 |    10 ||    24
       Foxfire           |       |     2 ||     2
Invok: Foxfire Swarm     |     1 |       ||     1
       Sea of Fire       |       |     1 ||     1
  Use: Scroll            |       |     2 ||     2
Armor: Robe              |    22 |    19 ||    41
Dodge: Dodged            |    81 |    29 ||   110

Table legend: (Time is in decaauts)
 A = Elapsed time spent in this place.
 B = Non-inter-level travel time spent in this place.
 C = Inter-level travel time spent in this place.
 D = Time resting spent in this place.
 E = Time spent auto-exploring this place.
 F = Levels seen in this place.
 G = Mean time per level.
                   A        B        C        D        E       F      G
               +--------+--------+--------+--------+--------+-----+--------+
         Total |   3811 |   3753 |     58 |   1687 |   1608 |   4 |  952.8 |
       Dungeon |   3811 |   3753 |     58 |   1687 |   1608 |   4 |  952.8 |
               +--------+--------+--------+--------+--------+-----+--------+

Top non-repeatable levels by time:
     D:1: 2434 daAuts
     D:2: 1241 daAuts
     D:3: 133 daAuts
     D:4: 0 daAuts
